 Dungeon Crawl Stone Soup version 0.30-a0-1043-g60ff8d5f49 (webtiles) character file.

Game seed: 2620530448136287355

96 NateTC the Chopper (level 4, 0/35 HPs)
             Began as a Formicid Fighter on Apr 9, 2023.
             Slain by a gnoll
             ... wielding a +0 whip
              (7 damage)
             ... on level 3 of the Dungeon.
             The game lasted 00:02:27 (1378 turns).

NateTC the Chopper (Formicid Fighter)               Turns: 1378, Time: 00:02:28

Health: 0/35       AC:  9    Str: 23    XL:     4   Next: 98%
Magic:  4/4        EV:  8    Int:  7    God:
Gold:   91         SH:  5    Dex: 13    Spells: 3/3 levels left

rFire   . . .      SeeInvis +    a - +1 war axe
rCold   . . .      Faith    .    c - +0 buckler
rNeg    . . .      Spirit   .    e - +0 chain mail
rPois   .          Reflect  .    (helmet unavailable)
rElec   .          Rampage  .    (no cloak)
rCorr   .                        (no gloves)
Will    .....                    (no boots) Stlth
                                 (no amulet)
HPRegen 0.25/turn                (no ring)
MPRegen 0.09/turn                (no ring)

@: mighty
A: permanent stasis, dig shafts and tunnels, antennae 3, four strong arms
a: Dig, Shaft Self


You were on level 3 of the Dungeon.
You visited 1 branch of the dungeon, and saw 3 of its levels.

You collected 91 gold pieces.

Inventory:

Hand Weapons
 a - a +1 war axe (weapon)
Armour
 b - a +0 scale mail
 c - a +0 buckler (worn)
 e - a +0 chain mail (worn)
Jewellery
 i - an amulet of magic regeneration
Wands
 k - a wand of polymorph (5)
Scrolls
 f - a scroll of fear {unknown}
 h - a scroll of blinking {unknown}
 j - a scroll of identify
Potions
 g - a potion of flight


   Skills:
 - Level 3.2 Fighting
 * Level 4.7 Axes
 - Level 3.2 Armour
 - Level 4.0 Shields


You had 3 spell levels left.
You didn't know any spells.
Your spell library was empty.

Dungeon Overview and Level Annotations

Branches:
Dungeon (3/15) Zot: 16566

Altars:


Innate Abilities, Weirdness & Mutations

You cannot be hasted, slowed, berserked, paralysed or teleported.
You can dig through walls and to a lower floor.
You have a pair of large antennae on your head. (SInv)
Your four strong arms can wield two-handed weapons with a shield.


Message History

You hit the endoplasm but do no damage. The endoplasm freezes you.
You are frozen.
You hit the endoplasm.
The endoplasm is lightly wounded.
The endoplasm hits you but does no damage.
You hit the endoplasm.
The endoplasm is heavily wounded.
The endoplasm barely misses you. You block the endoplasm's attack.
You hit the endoplasm.
You kill the endoplasm!
You feel very mighty all of a sudden.
The gnoll hits you with a +2 whip of distortion!
Space warps around you.
You slash the gnoll!
You kill the gnoll!
You barely miss the gnoll. The gnoll hits you with a +0 flail.
You block the gnoll's attack.
You barely miss the gnoll. You block the gnoll's attack.
You closely miss the gnoll. The gnoll hits you but does no damage.
You completely miss the gnoll. The gnoll hits you with a +0 flail.
* * * LOW HITPOINT WARNING * * *
You closely miss the gnoll. The gnoll hits you with a +0 flail.
* * * LOW HITPOINT WARNING * * *
You block the gnoll's attack.
You slice the gnoll!!
You kill the gnoll!
You hit the gnoll.
The gnoll is moderately wounded.
The gnoll hits you but does no damage.
You barely miss the gnoll.
The gnoll is moderately wounded.
The gnoll hits you but does no damage. x2
You closely miss the gnoll.
The gnoll is moderately wounded.
The gnoll hits you but does no damage.
You closely miss the gnoll.
The gnoll is moderately wounded.
The gnoll hits you with a +0 whip!
You die...

#.....>..#
#........#
#........#####
#######......#
#.[.##.#
#...##.#
#...##.#
#...##.#
######@# #g#
... ....#
......
.....".#
........#
......[..#


You could see a gnoll.

Vanquished Creatures
  3 gnolls (D:3)
  2 worms
  A dart slug (D:1)
  An orc (D:3)
  5 endoplasms
  3 giant cockroaches
  2 goblins (D:1)
  10 hobgoblins
  5 kobolds
  5 quokkas
  5 ball pythons
  4 bats
  5 frilled lizards
  4 rats
55 creatures vanquished.

Notes
Turn   | Place    | Note
-------+----------+-------------------------------------------
     0 | D:1      | NateTC the Formicid Fighter began the quest for the Orb.
     0 | D:1      | Reached XP level 1. HP: 18/18 MP: 1/1
    72 | D:1      | Reached XP level 2. HP: 18/24 MP: 2/2
   299 | D:1      | Reached XP level 3. HP: 24/29 MP: 3/3
   965 | D:2      | Reached XP level 4. HP: 32/35 MP: 4/4
  1134 | D:2      | Found Fiasch's Weapon Emporium.
  1378 | D:3      | Slain by a gnoll

Illustrated notes

Levels and vault maps discovered:
D:1:      evilmike_arrival_hilbert_curve, layout_loops_ring, eino_curves_02
D:2:      layout_rooms, serial_shops, nicolae_shop_bloodbath_and_beyond
D:3:      layout_basic, serial_shops, shop

Skill      XL: |  1  2  3 |
---------------+----------+-----
Axes           | 3 4 |  4.7
Fighting       | |  3.2
Armour         | |  3.2
Shields        | |  4.0

Action                     |  1- 3 |  4- 6 || total
---------------------------+-------+-------++-------
  Melee: War axe           |   101 |    50 ||   151
    Use: Scroll            |     3 |       ||     3
         Potion            |       |     1 ||     1
 Armour: Scale mail        |    41 |       ||    41
         Chain mail        |     1 |    25 ||    26
  Dodge: Dodged            |    47 |    18 ||    65
  Block: Buckler           |    32 |    13 ||    45

Table legend: (Time is in decaauts)
 A = Elapsed time spent in this place.
 B = Non-inter-level travel time spent in this place.
 C = Inter-level travel time spent in this place.
 D = Time resting spent in this place.
 E = Time spent auto-exploring this place.
 F = Levels seen in this place.
 G = Mean time per level.
                   A        B        C        D        E       F      G
               +--------+--------+--------+--------+--------+-----+--------+
         Total |   1432 |   1378 |     54 |      0 |    981 |   3 |  477.3 |
       Dungeon |   1432 |   1378 |     54 |      0 |    981 |   3 |  477.3 |
               +--------+--------+--------+--------+--------+-----+--------+

Top non-repeatable levels by time:
     D:1: 910 daAuts
     D:2: 347 daAuts
     D:3: 174 daAuts
